AoeStats
← damiansima

Nomad

509719524Analyzed
4v4 RM · 5d ago on Sep 27, 2026· 53m 4s· 8 players
Game mode
Random Map
Map size
231×231
Population
200
Speed
Normal
Resources
Standard
Victory
Conquest
Starting age
Dark Age
Ending age
Imperial Age
RankedLock teamsTeams togetherTeam positionsShared explorationLock speedFull tech treeHidden civsTurbo modeCheats
Victory
Defeat
🇫🇷 Varangians · France
1131
+14
🇧🇪 Varangians · Belgium
1115
+14
🇲🇽 Franks · Mexico
1105
+15
🇫🇮 Persians · Finland
1060
+17
🇦🇷 Lithuanians · Argentina
1142
-18
🇩🇪 Byzantines · Germany
1062
-14
🇩🇪 Varangians · Germany
1060
-14
🇧🇾 Saxons · Belarus
1056
-14
Alanccino
3:40 Loom
8:22 Loom
11:54 Feudal Age
13:04 Fishing Lines
19:39 Castle Age
18:18 Double-Bit Axe
21:11 Gillnets
21:57 Bow Saw
26:00 Town Watch
29:57 Imperial Age
29:11 Forging
29:07 Scale Barding Armor
30:13 Cavalier
32:07 Iron Casting
36:02 Blast Furnace
35:23 Chain Barding Armor
36:13 Husbandry
37:29 Gold Mining
37:49 Scale Mail Armor
37:36 Pikeman
38:04 Gambesons
38:45 Conscription
38:57 Halberdier
41:38 Chain Mail Armor
42:50 Squires
42:35 Arson
46:19 Plate Mail Armor
46:25 Plate Barding Armor
51:09 Loom
52:00 Wheelbarrow
Kayou
15:00 Feudal Age
13:18 Loom
19:08 Castle Age
17:42 Double-Bit Axe
18:17 Bloodlines
18:55 Scale Barding Armor
18:51 Horse Collar
20:23 Bow Saw
20:30 Heavy Plow
25:02 Chain Barding Armor
26:54 Scale Mail Armor
28:30 Fishing Lines
31:48 Gillnets
33:09 Wheelbarrow
35:14 Forging
46:56 Imperial Age
45:58 Iron Casting
47:43 Hand Cart
48:41 Blast Furnace
47:41 Scale Mail Armor
48:19 Plate Barding Armor
48:10 Conscription
49:53 Two-Man Saw
49:32 Crop Rotation
51:43 Scale Mail Armor
51:52 Gold Mining
52:30 Squires
52:17 Arson
DeLirium
5:14 Loom
13:42 Feudal Age
17:52 Castle Age
16:40 Double-Bit Axe
16:57 Scale Mail Armor
17:08 Forging
18:07 Wheelbarrow
21:22 Horse Collar
23:26 Bow Saw
24:14 Town Watch
26:12 Chain Mail Armor
26:17 Gambesons
27:14 Hand Cart
27:14 Squires
27:03 Arson
27:10 Arson
30:59 Iron Casting
31:32 Fletching
36:02 Pikeman
41:20 Imperial Age
39:47 Gold Mining
39:47 Stone Mining
41:27 Elite Varangian Guard
41:38 Halberdier
43:32 Plate Mail Armor
44:02 Blast Furnace
46:54 Gothikon
50:06 Conscription
Lakupiippu
5:35 Loom
14:33 Feudal Age
15:49 Double-Bit Axe
21:25 Castle Age
19:55 Horse Collar
20:12 Gold Mining
22:21 Heavy Plow
30:03 Scale Barding Armor
30:26 Bloodlines
30:59 Wheelbarrow
31:05 Husbandry
35:12 Bow Saw
35:17 Hand Cart
37:36 Imperial Age
35:24 Hand Cart
37:46 Imperial Age
35:37 Hand Cart
36:25 Chain Barding Armor
36:15 Forging
37:22 Light Cavalry
37:24 Cavalier
38:43 Plate Barding Armor
38:44 Iron Casting
38:44 Conscription
39:04 Savar
39:07 Heavy Camel Rider
39:45 Light Cavalry
43:55 Hussar
53:28 Blast Furnace
52:19 Fletching
53:01 Medium Warships
Libera
17:43 Feudal Age
23:27 Castle Age
21:22 Double-Bit Axe
21:30 Horse Collar
24:31 Wheelbarrow
24:54 Scale Barding Armor
25:35 Forging
29:16 Chain Barding Armor
29:56 Heavy Plow
32:38 Fishing Lines
34:07 Forging
37:12 Gillnets
39:54 Hand Cart
42:40 Imperial Age
40:44 Hand Cart
49:04 Chemistry
50:16 Murder Holes
Huly
14:56 Feudal Age
13:12 Loom
15:30 Double-Bit Axe
20:38 Horse Collar
24:06 Fletching
24:17 Padded Archer Armor
27:15 Castle Age
25:16 Fishing Lines
26:06 Scale Barding Armor
28:34 Medium Warships
27:54 Light Cavalry
29:31 Forging
32:47 Wheelbarrow
32:46 Bodkin Arrow
33:06 Leather Archer Armor
33:24 Bow Saw
34:41 Stone Mining
34:41 Gold Mining
37:05 Hand Cart
37:30 Gillnets
39:14 Husbandry
39:37 Chain Barding Armor
39:52 Iron Casting
39:58 Ballistics
39:51 Clinker Construction
40:50 Pikeman
45:28 Murder Holes
52:14 Gold Mining
damiansima
6:45 Loom
16:14 Feudal Age
18:31 Double-Bit Axe
21:46 Castle Age
19:31 Horse Collar
19:55 Gold Mining
20:27 Stone Mining
25:25 Bow Saw
25:16 Heavy Plow
25:50 Forging
27:05 Scale Barding Armor
31:51 Chain Barding Armor
34:00 Bloodlines
33:50 Husbandry
35:51 Iron Casting
37:00 Wheelbarrow
36:11 Town Watch
40:22 Imperial Age
37:43 Fletching
38:10 Hand Cart
40:21 Bodkin Arrow
41:47 Plate Barding Armor
41:18 Elite Leitis
43:00 Hoardings
43:04 Conscription
Tequila Midnight
8:33 Loom
15:43 Feudal Age
16:39 Double-Bit Axe
20:26 Castle Age
19:18 Gold Mining
19:17 Horse Collar
21:43 Bow Saw
22:03 Light Cavalry
23:21 Fletching
24:21 Wheelbarrow
28:48 Ballistics
28:43 Bloodlines
29:25 Crossbowman
34:44 Scale Barding Armor
34:50 Forging
39:41 Bodkin Arrow
45:22 Imperial Age
Connection lost

Rejoining the realm…

Still unreachable

The connection could not be restored.

Session expired

The server has moved on; the page needs a fresh start.